[Event "Teplice Open 2022"]
[Site "Teplice"]
[Date "2022.06.20"]
[Round "3.11"]
[White "Ali Marandi, Cemil Can"]
[Black "Wagh Suyog"]
[Result "1/2-1/2"]
[ECO "E52"]
[WhiteElo "2532"]
[BlackElo "2352"]
[Annotator "TA"]
[PlyCount "60"]
[EventDate "2022.06.18"]
[EventType "swiss"]
[EventCountry "CZE"]
[SourceTitle "playchess.com"]
[Source "ChessBase"]
[SourceQuality "1"]
[TimeControl "40/5400+30:1800+30"]

1. d4 Nf6 2. c4 e6 3. Nc3 Bb4 4. e3 O-O 5. Bd2 d5 6. Nf3 b6 7. cxd5 exd5 8. Bd3 Bb7 9. Qc2 {[%emt 0:01:34] E52: Nimzo-Indian: Rubinstein: 4...0-0 5 Nf3 d5 6 Bd3 b6.} a6 10. O-O Bd6 11. Ne5 {[%emt 0:07:29] The position is equal.} c5 12. f4 cxd4 (12... Nc6 {keeps more tension.} 13. a3 Re8 14. Rac1 cxd4 15. Nxc6 Bxc6 16. exd4 Qd7) 13. exd4 Nc6 {[%emt 0:00:17] [#]} 14. Nxc6 $146 ({Predecessor:} 14. Ne2 Rc8 15. Qd1 Ne4 16. Rc1 Ne7 17. Ng3 b5 18. Qe2 Nxd2 19. Qxd2 Rxc1 20. Rxc1 {1-0 (32) O'Connell,G (2160)-Brady,S (2364) Dublin 2012}) 14... Bxc6 15. Be1 Be7 16. Rd1 Re8 17. Bg3 (17. Bh4 $5 ) 17... b5 18. a3 Qb6 19. Kh1 h6 20. Qb3 Qb7 21. Bb1 b4 22. axb4 Bxb4 23. f5 Bxc3 24. Qxc3 Ne4 25. Qa3 f6 26. Rc1 Rac8 27. Bf4 Bb5 28. Rfe1 {[%emt 0:04:21] [#]} Qd7 ({Better is} 28... Rxc1 $1 $17 29. Rxc1 Qd7) 29. Rxc8 $15 Rxc8 30. Bxe4 (30. Qf3 $15) 30... dxe4 {[%emt 0:00:05] Weighted Error Value: White=0.21 (precise) /Black=0.11 (very precise)} 1/2-1/2

[Event "Teplice Open 2022"]
[Site "Teplice"]
[Date "2022.06.20"]
[Round "3.12"]
[White "Stijve, Theo"]
[Black "Pultinevicius, Paulius"]
[Result "0-1"]
[ECO "C46"]
[WhiteElo "2341"]
[BlackElo "2536"]
[Annotator "TA"]
[PlyCount "138"]
[EventDate "2022.06.18"]
[EventType "swiss"]
[EventCountry "CZE"]
[SourceTitle "playchess.com"]
[Source "ChessBase"]
[SourceQuality "1"]
[TimeControl "40/5400+30:1800+30"]

1. e4 e5 2. Nf3 Nc6 3. Nc3 g6 4. Bc4 Bg7 5. d3 h6 6. Be3 {[%emt 0:04:25] C46: 3 Nc3: Unusual Black 3rd moves.} d6 {[%emt 0:06:17] [#]} 7. a4 $146 ({Predecessor:} 7. h3 Be6 8. Qd2 Nge7 9. Bxe6 fxe6 10. d4 exd4 11. Nxd4 Nxd4 12. Bxd4 e5 13. Be3 Qd7 {½-½ (81) Andrade,G (1885)-Dos Santos Dutra,F (2270) Campo Grande 2019}) 7... Nge7 8. a5 {[%emt 0:07:03] White has an edge.} a6 9. Qb1 O-O 10. Qa2 Nd4 11. Bxd4 exd4 12. Ne2 c6 13. Nfxd4 (13. Nexd4 d5 14. exd5 cxd5 $15) (13. O-O $11) 13... d5 $15 14. exd5 cxd5 15. Bb3 Nc6 $36 {[%emt 0:05:53][%mdl 2048] Black has the initiative.} 16. Nxc6 bxc6 17. O-O Rb8 18. Rfe1 h5 19. c4 (19. d4 $11 {remains equal.}) 19... dxc4 $17 20. Bxc4 Rxb2 21. Qa3 Re8 $1 22. Nc3 {[%emt 0:06:50] [#]} (22. d4 $17 {is a better defense.} Bxd4 23. Qf3) 22... Rxf2 $3 $19 23. Rxe8+ (23. Kxf2 {gets mated.} Bd4+) 23... Qxe8 24. Ne4 Bxa1 ({Black should try} 24... Re2 $19 25. Rf1 Be6) 25. Qxa1 $17 Rf5 26. Nf6+ {[%emt 0:02:37] [#]} Rxf6 $1 27. Qxf6 {[%emt 0:00:02][%mdl 4096] Endgame KQB-KQB} Qe1+ 28. Qf1 Qe7 {[%emt 0:00:09] Black is more active.} 29. d4 Kg7 (29... Be6 $17 {...Bxc4 is the strong threat.} 30. Bxa6 Bd5) 30. h3 $11 Qf6 (30... Qe3+ {is more complex.} 31. Qf2 Qc1+ 32. Qf1 Qxf1+ 33. Bxf1 Kf6) 31. Bxa6 (31. Qxf6+ $11 Kxf6 32. h4) 31... Qxd4+ $17 32. Kh1 Be6 (32... Bxa6 $17 33. Qxa6 c5) 33. Bb7 c5 34. a6 (34. Qg1 $5 Qc3 35. a6 $11) 34... c4 35. Qg1 Qxg1+ 36. Kxg1 $15 {[%emt 0:00:01] Strongly threatening a7. KB-KB} c3 {[%emt 0:00:23] And now ...c2 would win.} 37. a7 (37. Be4 $15) 37... c2 $17 38. a8=Q c1=Q+ {[%emt 0:00:04] KQB-KQB} 39. Kh2 Qf4+ 40. Kh1 Qc1+ 41. Kh2 Qc7+ 42. Kh1 g5 43. Bd5 Qc1+ 44. Kh2 Qf4+ 45. Kh1 Qc1+ 46. Kh2 Qc7+ 47. Kh1 $1 Bc8 48. Qa1+ f6 49. Qa4 Qe7 {[%emt 0:02:53] Prevents Qe8. Threatens to win with ...Qe1+.} 50. Qa8 Qc7 (50... Qe1+ {seems wilder.} 51. Kh2 Qe5+ 52. Kh1 Be6) 51. Qa4 $1 g4 52. hxg4 ({Don't play} 52. Qe8 gxh3 53. Qxh5 hxg2+ 54. Kxg2 Qc2+ 55. Kg3 Qc7+ 56. Kg2 Qc2+ 57. Kg3 Qc7+ 58. Kg2 $15) 52... hxg4 53. g3 $2 (53. Qc6 $17 {is more resistant.} Qxc6 54. Bxc6) 53... Qxg3 $19 ({Weaker is} 53... Qc1+ 54. Kh2 $17) 54. Qa7+ (54. Qe4 $19 Qd6 55. Kg1) 54... Kh6 55. Qf7 Qh3+ 56. Kg1 Qe3+ 57. Kg2 Qe2+ 58. Kg1 Qd1+ 59. Kg2 Qc2+ 60. Kg1 Qb1+ (60... Qc3 $142 61. Bc4 Bf5 62. Qf8+ Kg5 63. Qg8+ Bg6 64. Qd5+ Kf4 65. Qd6+ Kf3 66. Bd5+ Be4 67. Bxe4+ Kxe4) 61. Kg2 Qb2+ 62. Kg3 Qe5+ 63. Kg2 Bf5 {[%emt 0:03:08] ( -> ...Kg5)} 64. Qf8+ Kg5 {[%emt 0:00:05] Black mates.} 65. Qa8 Qe2+ 66. Kg3 Qe3+ 67. Kg2 Kf4 68. Qb8+ {[%emt 0:01:24] [#]} Qe5 $1 69. Qb7 {[%emt 0:00:37] [#]} Qxd5+ $3 {[%emt 0:00:11][%mdl 512] Both players deserved the win here.  Weighted Error Value: White=0.36/Black=0.29 (precise)} 0-1

[Event "Teplice Open 2022"]
[Site "Teplice"]
[Date "2022.06.20"]
[Round "3.13"]
[White "Kozak, Adam"]
[Black "Mikes, Jan"]
[Result "1/2-1/2"]
[ECO "E94"]
[WhiteElo "2532"]
[BlackElo "2349"]
[Annotator "TA"]
[PlyCount "64"]
[EventDate "2022.06.18"]
[EventType "swiss"]
[EventCountry "CZE"]
[SourceTitle "playchess.com"]
[Source "ChessBase"]
[SourceQuality "1"]
[TimeControl "40/5400+30:1800+30"]

1. Nf3 Nf6 2. c4 g6 3. Nc3 Bg7 4. e4 d6 5. d4 O-O 6. Be2 e5 7. O-O Bg4 8. d5 a5 9. Ne1 {[%emt 0:02:14] E94: King's Indian: Classical: 6 Be2 e5 7 0-0: Various Black 7th moves.} Bd7 10. Nd3 Na6 11. Be3 {[%emt 0:07:27] White is slightly better.} b6 {[%emt 0:00:13] [#]} 12. h3 $146 ({Predecessor:} 12. f4 exf4 13. Bxf4 Nc5 14. Nxc5 bxc5 15. e5 Ne8 16. Ne4 dxe5 17. Bg5 f6 18. Bh4 {½-½ (52) Kozak,A (2518)-Ivanisevic,I (2606) Tornelo INT 2021}) 12... Nc5 13. Nxc5 (13. Bg5 {is more complex.} h6 14. Nxc5 bxc5 15. Bh4) 13... bxc5 14. a4 ({White should try} 14. Qd2 $14) 14... Ne8 $11 15. Ra3 f5 16. exf5 gxf5 17. f4 e4 18. Rb3 Kh8 (18... Qh4 {with more complications.} 19. Kh2 Kh8 20. g4 fxg4 21. Bxg4 Bxg4 22. Qxg4 Qe7) 19. Nb5 c6 20. dxc6 Bxc6 21. Qd2 Bxb5 (21... Rf7 $11 {keeps the balance.}) 22. axb5 ({But not} 22. Rxb5 $6 Nc7 $11) (22. cxb5 $16 {And now b6 would win.} Nc7 23. b6) 22... Nc7 $1 23. Ra3 Ne6 24. Rfa1 Bd4 25. Bf1 Qf6 26. Rxa5 Rxa5 (26... Rad8 {keeps more tension.} 27. Qf2 Bxe3 28. Qxe3 Qd4) 27. Rxa5 Bxe3+ 28. Qxe3 Qxb2 29. Ra7 {[%emt 0:11:29] Threatening Rd7.} Rg8 {[%emt 0:13:22] The position is equal.} 30. Qf2 Qd4 31. Qxd4+ cxd4 32. Rd7 $1 Rd8 {[%emt 0:18:55] Weighted Error Value: White=0.11 (very precise) /Black=0.13 (very precise)} 1/2-1/2

[Event "Teplice Open 2022"]
[Site "Teplice"]
[Date "2022.06.20"]
[Round "3.14"]
[White "Fataliyeva, Ulviyya"]
[Black "Blomqvist, Erik"]
[Result "1-0"]
[ECO "D24"]
[WhiteElo "2348"]
[BlackElo "2523"]
[Annotator "TA"]
[PlyCount "93"]
[EventDate "2022.06.18"]
[EventType "swiss"]
[EventCountry "CZE"]
[SourceTitle "playchess.com"]
[Source "ChessBase"]
[SourceQuality "1"]
[TimeControl "40/5400+30:1800+30"]

1. d4 Nf6 2. c4 e6 3. Nf3 d5 4. Nc3 dxc4 5. e4 Bb4 6. Bxc4 {[%emt 0:03:45] Black should prevent 0-0. D24: Queen's Gambit Accepted: 3 Nf3 Nf6 4 Nc3.} Nxe4 7. O-O Nf6 8. Qa4+ {[%emt 0:08:37] The position is equal.} Nc6 9. Ne5 Rb8 (9... Bd7 10. Nxc6 Bxc3 11. Nxd8 $16) 10. Bb5 {[%emt 0:04:34] [#]} (10. d5 $5 exd5 11. Nxc6 bxc6 12. Nxd5 $1 Nxd5 13. Qxc6+ Bd7 14. Qxd5 $14) 10... O-O $146 ({Predecessor:} 10... Bd7 11. Bg5 Bxc3 12. bxc3 Nxe5 13. dxe5 Bxb5 14. Qxb5+ Qd7 15. Qe2 Nd5 16. c4 h6 {0-1 (41) Wu,D (2032)-Bodek,M (2395) Greensboro 2019}) 11. Bxc6 bxc6 12. Bg5 Bxc3 13. bxc3 Qd6 14. Bc1 (14. Qxa7 Rb7 15. Qa8 c5 $11) 14... Re8 15. Ba3 {[%emt 0:08:57] Against c5} Qd5 16. Qxa7 Rb7 17. Qa4 Ne4 18. c4 ({Much worse is} 18. Qxc6 Qxc6 19. Nxc6 Nxc3 $15) (18. Bb4 $14) 18... Qxd4 $11 19. Nxc6 Nc3 $1 (19... Bd7 $2 20. Rad1 Nd2 21. Nxd4 $18) 20. Qa5 (20. Nxd4 $11 {keeps the balance.} Nxa4 21. Rac1) 20... Qxc4 $17 21. Ne7+ Kh8 {[%emt 0:00:23] And now ...Rb5 would win.} 22. Qh5 e5 (22... c5 $17 23. Qxc5 Qxc5 24. Bxc5 Rexe7 25. Bxe7 Rxe7) 23. Qxe5 Be6 24. Rfe1 {[%emt 0:00:25] Hoping for Rac1.} (24. Nf5 $2 f6 25. Qe3 Ne2+ 26. Kh1 Rb5 $17) 24... Rb5 25. Qe3 {[%emt 0:00:34] Black must now prevent Rac1.} Ra5 (25... Nxa2 $15 26. h3 Ra5) 26. Bb2 $11 Na4 27. Rac1 Qxa2 (27... Qg4 $11 28. f3 Qh4) 28. Ba1 $1 $18 Nb6 {[%emt 0:00:22] [#]} (28... Rxe7 $2 29. Qd4 f6 30. Qd8+ Bg8 31. Rxe7 $18) (28... Rb5 {was necessary.} 29. Qd4 (29. Rxc7 Nb2 $16) 29... Nb2) 29. Qg3 $2 f6 $11 30. Qxc7 Ra7 31. Qxb6 $40 {[%emt 0:00:10][%mdl 128] Black needs to defend precisely.} Raxe7 32. h4 Qa8 {[%emt 0:00:40][%cal Oe6h3] aiming for ...Bh3!} 33. Qb4 Ra7 34. h5 h6 35. Qd6 Ra6 36. Qg3 Bf7 {[%emt 0:00:15] Strongly threatening ...Rxe1+.} 37. Rxe8+ Bxe8 {[%emt 0:00:02] [#]} (37... Qxe8 $15 38. Bc3 Bxh5) 38. Rc7 $1 g5 (38... Rxa1+ $11 39. Kh2 Bg6 40. hxg6 (40. Qxg6 Rh1+ 41. Kxh1 Qa1+ 42. Kh2 Qe5+ 43. g3 Qxc7 $11) 40... Qb8) (38... Bf7 39. Rxf7) 39. Bd4 {[%emt 0:00:21] White threatens Qd3 and mate. White is more active.} Qe4 {[%emt 0:00:29][%mdl 8192] Against Qd3} (39... Qd5 $14 40. Qd3 Ra1+ 41. Kh2 Qd6+ 42. g3 Rh1+ 43. Kxh1 Qxc7) 40. Qc3 $18 Qb1+ 41. Kh2 {[%emt 0:00:00] White mates.} Qf5 {[%emt 0:24:40] [#]} 42. Re7 $1 ({Not} 42. Rc8 Re6 $18) 42... Bxh5 43. Qb2 Rc6 44. Qb8+ Rc8 {[%emt 0:00:32] [#]} 45. Bxf6+ $1 Kg8 46. Rg7+ Kf8 47. Qd6+ {[%emt 0:00:05] Weighted Error Value: White=0.18 (very precise) /Black=0.57} 1-0

[Event "Teplice Open 2022"]
[Site "Teplice"]
[Date "2022.06.20"]
[Round "3.15"]
[White "Iniyan, P."]
[Black "Hoefelsauer, Thomas"]
[Result "1-0"]
[ECO "D15"]
[WhiteElo "2518"]
[BlackElo "2334"]
[Annotator "TA"]
[PlyCount "85"]
[EventDate "2022.06.18"]
[EventType "swiss"]
[EventCountry "CZE"]
[SourceTitle "playchess.com"]
[Source "ChessBase"]
[SourceQuality "1"]
[TimeControl "40/5400+30:1800+30"]

1. d4 d5 2. c4 c6 3. Nf3 Nf6 4. Nc3 a6 5. g3 dxc4 6. a4 e6 7. Bg2 c5 8. O-O (8. Bf4 {feels hotter.} Nd5 9. dxc5 Bxc5 10. Ne5) 8... cxd4 {[%emt 0:01:14] D15: Slav Defence: 4 Nc3 a6 and gambit lines after 4 Nc3 dxc4.} 9. Nxd4 Be7 10. Nc2 {[%emt 0:00:47] [#]} Qc7 $146 {[%emt 0:06:15] The position is equal.} ({Predecessor:} 10... Nc6 11. Qxd8+ Bxd8 12. Bxc6+ bxc6 13. Ne3 a5 14. Nxc4 Ba6 15. b3 Be7 16. Ne5 Nd5 17. Bb2 f6 18. Nxd5 cxd5 19. Nc6 Kd7 20. Nxe7 Kxe7 21. Rfc1 Rhc8 22. Kf1 Kd7 23. Rc3 {½-½ (23) Gupta,A (2617)-Kulaots,K (2578) Budapest 2018}) 11. Na3 (11. Bf4 $14 Qc5 12. Qd4) 11... O-O $11 12. Qd4 Bxa3 13. Rxa3 e5 {[%emt 0:01:22] Against Bf4} 14. Qh4 Be6 15. f4 exf4 16. gxf4 {[%emt 0:00:55] Strongly threatening f5.} Qc5+ 17. Kh1 {[%emt 0:01:02][%mdl 1024] Black must now prevent f5. White has compensation.} Nc6 (17... Bd7 $1 $11) 18. e4 (18. f5 $1 $16) 18... Qh5 19. Qg3 {[%emt 0:00:06] And now f5 would win.} Nd4 {[%emt 0:08:35] [#]} (19... Bg4 $11) 20. f5 $1 $18 Bd7 21. Be3 ({Better is} 21. Rd1 $18 Nxe4 22. Bxe4 Nxf5 23. Qf2) 21... Nc2 $16 22. Bd2 (22. Bf3 $6 Nxe3 23. Bxh5 Nxf1 $11) 22... Bc6 $2 (22... Nd4 $16 {was worth a try.}) 23. Bf3 $18 Nxe4 24. Nxe4 {[%emt 0:00:04] Chess con chili.} (24. Bxh5 $2 Nxg3+ 25. Kg1 Nxh5 $19) 24... Bxe4 25. Bxe4 Qe2 {[%emt 0:01:17] [#]} 26. Qf4 {[%emt 0:02:21] Hoping for Rg3.} Nxa3 {[%emt 0:00:26] [#]} 27. Re1 $1 Qh5 28. Bf3 (28. bxa3 $6 Rad8 29. Bxb7 Rfe8 $18) 28... Qh3 29. Rg1 (29. bxa3 Rad8 30. Ba5 (30. Bxb7 Qb3 $11) 30... Rfe8 $16) 29... g6 (29... Nb1 $18) 30. fxg6 hxg6 31. Bc3 (31. Qf6 $142 {White wants to mate with Rxg6+.} Qxf3+ 32. Qxf3) 31... Rad8 (31... Nc2 $2 32. Qf6 Qxf3+ 33. Qxf3) 32. Qf6 ({Worse is} 32. bxa3 Rd3 33. Bg2 Qe3 34. Qxe3 Rxe3 $14) 32... Qh6 {[%emt 0:00:34] Prevents Qg7+.} 33. Be4 {[%emt 0:01:48][%cal Re4g6] Prevents Rd3. A strong pair of Bishops.} ({Not} 33. bxa3 Rd7 34. Be4 Kh7 $18) 33... Kh7 (33... Rde8 {gets mated.} 34. Bxg6) 34. bxa3 Rd7 35. Rg4 Rd1+ 36. Kg2 {[%emt 0:00:07][%cal Bh1g2,Bg2h3,Bh3h4][%mdl 32] Intending Rh4 and mate.} Rd2+ 37. Bxd2 Qxd2+ 38. Kh3 {[%emt 0:00:08][%cal Re4g6] Threatening mate with Bxg6+!} Qe3+ 39. Bf3 {[%emt 0:00:07] Threatens to win with Rh4+.} Qe6 40. Qxe6 fxe6 41. Bxb7 Rb8 (41... c3 $142 42. Rc4 a5 43. Rxc3 Rf4) 42. Bxa6 Rb3+ 43. Kh4 {[%emt 0:00:39] Weighted Error Value: White=0.27 (precise) /Black=0.56} 1-0

[Event "Teplice Open 2022"]
[Site "Teplice"]
[Date "2022.06.20"]
[Round "3.16"]
[White "Shohat, Yotam"]
[Black "Budisavljevic, Luka"]
[Result "1/2-1/2"]
[ECO "B30"]
[WhiteElo "2331"]
[BlackElo "2507"]
[Annotator "TA"]
[PlyCount "290"]
[EventDate "2022.06.18"]
[EventType "swiss"]
[EventCountry "CZE"]
[SourceTitle "playchess.com"]
[Source "ChessBase"]
[SourceQuality "1"]
[TimeControl "40/5400+30:1800+30"]

1. e4 c5 2. Nf3 e6 3. g3 Nc6 4. Bg2 Nf6 5. d3 d6 6. O-O Be7 7. Re1 O-O 8. c3 Bd7 9. d4 d5 10. exd5 exd5 11. Ne5 Bf5 12. Bf4 Be4 13. Nd2 Bxg2 14. Kxg2 cxd4 15. Nxc6 bxc6 16. cxd4 Bb4 17. Rc1 Qb6 18. Be5 Nd7 19. Bf4 Qxd4 20. a3 Bxd2 21. Qxd2 Qxd2 22. Bxd2 Rfc8 23. Re7 Nb6 24. b3 d4 25. a4 f6 26. Rc5 Kf8 27. Re6 Nd7 28. Rcxc6 Ne5 29. Rcd6 Kf7 30. Bf4 Nd3 31. Re4 Rc2 32. Rd7+ Kg6 33. Rexd4 Nxf2 34. Bd2 Nd1 35. Kf3 h5 36. g4 h4 37. Ke2 Nb2 38. Re4 a6 39. Ree7 Rg8 40. h3 Kh7 41. Re6 Rb8 42. Ree7 Rxb3 43. Rxg7+ Kh8 44. Rge7 Rb8 45. Kf3 Nc4 46. Bf4 Rb3+ 47. Ke4 Re2+ 48. Kf5 Rxe7 49. Rxe7 Kg8 50. Kg6 Kf8 51. Rc7 Ne3 52. Ra7 $2 ({White should try} 52. Rf7+ $18 Ke8 53. Rxf6) 52... Nd5 $14 53. Bd6+ Ke8 54. Kf5 Rb6 $1 55. Bc5 Rc6 $1 56. Bd4 Ne7+ 57. Ke4 Kf7 (57... Rc4 $1 $11 58. Rxa6 Nc6) 58. Rb7 $14 Ke6 {[%emt 0:00:57] [#]} 59. a5 (59. Rb6 $1 $16 ) 59... f5+ $11 60. Kf3 fxg4+ 61. hxg4 Rc4 62. Bf2 h3 63. Rb6+ Nc6 64. Kg3 Rc3+ 65. Kh2 Kd5 66. Rxa6 (66. Bg3 $16) 66... Rc2 $11 67. Kxh3 Rxf2 68. Ra8 Ra2 69. a6 Ke6 70. Kg3 Ke5 71. Kh4 Kf6 72. Kg3 Ra4 73. Rf8+ Kg7 74. Ra8 Kf7 75. Kh3 Ra3+ 76. Kh4 Kf6 77. Rf8+ Kg7 78. Ra8 Ne5 79. Kg5 Nc6 80. Kf5 Kf7 81. g5 Ra5+ 82. Kf4 Nb4 83. Kg4 Ra4 84. Kh5 Nd5 85. Ra7+ Ne7 86. g6+ Kf6 87. g7 $1 Ng8 88. Ra8 Kxg7 89. Kg5 Ne7 90. a7 Kf7 91. Kh5 Ke6 92. Kg5 Kd7 93. Kf6 Ra5 94. Kg7 Ke6 95. Rb8 Rxa7 96. Rb6+ Ke5 97. Rb5+ Nd5+ 98. Kg6 Ra6+ 99. Kg5 Ra1 100. Kg4 Ke4 101. Kg3 Rf1 (101... Nc3 $5 102. Rb7 Ne2+ 103. Kg4 Rg1+ 104. Kh4 Nc3 $15) 102. Rb3 Rf7 103. Ra3 Ke5 104. Ra5 Rb7 105. Ra3 Rb4 106. Ra8 Rb3+ 107. Kf2 Ne3 108. Re8+ Kf4 109. Rf8+ Nf5 110. Ke2 Ke4 111. Re8+ Kd5 112. Rd8+ Nd6 113. Kf2 Ke5 114. Ke2 Nc4 115. Re8+ Kd4 116. Rd8+ Ke4 117. Re8+ Ne5 118. Kd2 Ra3 119. Kc2 Kd4 120. Rd8+ Kc5 121. Rc8+ Nc6 122. Kd2 Kd5 123. Rh8 Rg3 124. Rf8 Rh3 125. Rg8 Ke4 126. Re8+ Kd4 127. Ke2 Ra3 128. Kf2 Ne5 129. Rd8+ Ke4 130. Re8 Ra2+ 131. Kg3 Rb2 132. Ra8 Rb3+ 133. Kg2 Ng4 134. Ra4+ Kf5 135. Ra5+ Kf4 136. Ra4+ Kg5 137. Ra8 $1 Nf6 138. Ra6 Ne4 139. Ra8 Rg3+ 140. Kf1 Kf4 141. Ke2 Rg2+ 142. Kd3 Rd2+ 143. Kc4 Rd7 144. Rf8+ Ke3 145. Re8 Rc7+ 1/2-1/2

[Event "Teplice Open 2022"]
[Site "Teplice"]
[Date "2022.06.20"]
[Round "3.17"]
[White "Sankalp Gupta"]
[Black "Nytra, Ondrej"]
[Result "1-0"]
[WhiteElo "2505"]
[BlackElo "2219"]
[Annotator "TA"]
[PlyCount "36"]
[EventDate "2022.06.18"]
[EventType "swiss"]
[EventCountry "CZE"]
[SourceTitle "playchess.com"]
[Source "ChessBase"]
[SourceQuality "1"]
[TimeControl "40/5400+30:1800+30"]

1. e4 e5 2. Nf3 Nc6 3. Bb5 a6 4. Ba4 Nf6 5. O-O Be7 6. Re1 b5 7. Bb3 d6 8. c3 O-O 9. h3 a5 {[%emt 0:00:37] [#]} {Predecessor:} 10. d4 $146 {C92: Closed Ruy Lopez: 9...Be6, Karpov and Flohr-Zaitsev Variations.} Bd7 11. d5 a4 12. dxc6 axb3 13. cxd7 Rxa2 14. Qxb3 Rxa1 15. Na3 Qxd7 16. Qc2 Ra8 17. Nd2 Qc6 18. Nb3 Ra2 {0-1 (27) Harvey,M (2454)-Matlakov,M (2671) Chess.com INT 2022} 1-0

[Event "Teplice Open 2022"]
[Site "Teplice"]
[Date "2022.06.20"]
[Round "3.18"]
[White "Delgerdalai, Bayarjavkhlan"]
[Black "Yilmazyerli, Mert"]
[Result "0-1"]
[ECO "B90"]
[WhiteElo "2119"]
[BlackElo "2502"]
[Annotator "TA"]
[PlyCount "82"]
[EventDate "2022.06.18"]
[EventType "swiss"]
[EventCountry "CZE"]
[SourceTitle "playchess.com"]
[Source "ChessBase"]
[SourceQuality "1"]
[TimeControl "40/5400+30:1800+30"]

1. e4 c5 2. Nf3 d6 3. d4 cxd4 4. Nxd4 Nf6 5. Nc3 a6 6. f3 e5 7. Nb3 Be6 8. Be3 Be7 9. Qd2 h5 10. O-O-O Nbd7 11. Nd5 {[%emt 0:14:09] B90: Sicilian Najdorf: Unusual White 6th moves, 6 Be3 Ng4 and 6 Be3 e5.} Nxd5 {[%emt 0:01:10] 11...Nxd5 scores better than 11...Bxd5.} 12. exd5 Bf5 13. Bd3 {[%emt 0:03:02] The position is equal.} Bxd3 14. Qxd3 Bg5 15. Kb1 Bxe3 16. Qxe3 O-O 17. g4 hxg4 {[%emt 0:06:49] [#]} 18. Rhg1 $146 (18. fxg4 $11 Rc8 19. h3) ({Predecessor:} 18. fxg4 Rc8 19. Nd2 Qc7 20. c3 Nc5 21. h4 f5 22. gxf5 Rxf5 23. Rhg1 Rcf8 24. Rg3 R8f7 25. Rdg1 a5 26. Qe2 Kf8 27. h5 R5f6 28. Qb5 a4 29. a3 {½-½ (29) Arppi,H (2288)-Fagerstrom,M (2273) ICCF email 2017}) 18... Qb6 (18... f5 $15) 19. Qg5 Nf6 {[%emt 0:03:42] [#]} (19... f5 $11) 20. h4 (20. Nd4 $1 $16 {[%cal Rd4f5][%mdl 512] And now Nf5 would win.} Nh7 (20... exd4 21. Qxf6) 21. Qxg4) 20... Rfc8 21. h5 $1 Qd8 (21... Qf2 $11 22. Nd2 Qh2) 22. fxg4 (22. Nd2 $1 $14) 22... Rc4 $1 $15 23. Rg2 (23. h6 $15 g6 24. h7+ Nxh7 25. Qh6) 23... Rf4 $17 24. Nc1 Ne4 25. Qxd8+ Rxd8 26. Nd3 Rf3 27. g5 Rf5 28. Rdg1 Rc8 29. Rg4 ({White should try} 29. c3) 29... Nd2+ 30. Kc1 Nc4 {[%emt 0:01:18] White must now prevent ...Ne3. Black is more active.} 31. Re4 {[%emt 0:01:22] Against Ne3} Nb6 32. Rb4 Nxd5 33. Rxb7 e4 $36 {[%emt 0:00:02][%mdl 2048] White is under strong pressure.} 34. Nb4 {[%emt 0:00:27] [#]} Nf4 {[%emt 0:00:02] Threatens to win with ...Ne2+.} 35. Re1 {[%emt 0:02:46][%mdl 8192] Prevents Ne2+. Now White is beyond hope.} (35. Kd2 $17) 35... a5 $19 36. Rxe4 axb4 37. g6 fxg6 38. hxg6 (38. Ree7 $142 Rxh5 39. Rxg7+ Kh8 40. Rgc7 Rh1+ 41. Kd2 Rh2+ 42. Kc1) 38... Nd3+ {[%emt 0:00:25] Black is clearly winning.} 39. Kd2 Nc5 40. Rc4 Rd5+ 41. Kc1 Re8 {[%emt 0:30:20] Weighted Error Value: White=0.53/Black=0.16 (very precise)} 0-1

[Event "Teplice Open 2022"]
[Site "Teplice"]
[Date "2022.06.20"]
[Round "3.19"]
[White "Kratochvil, Karel"]
[Black "Kraus, Tomas"]
[Result "0-1"]
[ECO "D37"]
[WhiteElo "2140"]
[BlackElo "2472"]
[Annotator "TA"]
[PlyCount "54"]
[EventDate "2022.06.18"]
[EventType "swiss"]
[EventCountry "CZE"]
[SourceTitle "playchess.com"]
[Source "ChessBase"]
[SourceQuality "1"]
[TimeControl "40/5400+30:1800+30"]

1. d4 d5 2. c4 e6 3. Nc3 a6 4. e3 Nf6 5. Nf3 Nbd7 6. cxd5 exd5 7. Bd3 {[%emt 0:00:45] D37: Queen's Gambit Declined: 5 Bf4.} Bd6 8. g4 h6 9. Rg1 {[%emt 0:03:06] [#] Black is slightly better.} Nf8 $146 ({Predecessor:} 9... c6 10. Qe2 Qe7 11. Bd2 Ne4 12. O-O-O Ndf6 13. Ne5 Nxd2 14. Rxd2 Bxe5 15. dxe5 Qxe5 {0-1 (41) Haznedaroglu,K (2494)-Dreev,A (2662) Gjakova 2016}) 10. Ne5 c6 11. f4 N6d7 12. Qf3 Nxe5 13. dxe5 Qh4+ 14. Kd1 Bc7 15. Kc2 Ne6 16. Bd2 Bd7 (16... Qxh2 $2 17. Rh1 Qxf4 18. Qxf4 Nxf4 19. exf4 $18) 17. b4 (17. Rad1 $11) 17... Rd8 (17... Qxh2 $2 18. Rh1 Qxf4 19. Qxf4 Nxf4 20. exf4 $18) 18. Raf1 {[%emt 0:06:28] [#]} (18. a3 $11) 18... Qe7 (18... Qxh2 $2 19. Rh1 Qxf4 20. exf4 $18) (18... a5 $1 $17 19. b5 (19. f5 Ng5 $17) 19... Qe7) 19. Ne2 {[%emt 0:02:20] [#]} (19. a3 $11 {remains equal.}) 19... c5 ({Black should play} 19... a5 $1 $17 20. a3 c5) 20. Kb1 $1 $15 Bc6 {[%emt 0:02:36] And now ...c4 would win.} (20... a5 $5 21. bxa5 (21. Qxd5 $2 Ba4 $19) 21... c4 $17) 21. Qf2 d4 22. f5 $2 (22. exd4 $11 Nxd4 23. Nxd4 Rxd4 24. Bc2) 22... dxe3 $19 23. Qxe3 Ng5 {[%emt 0:01:26][%cal Od8d3,Be6g5,Bg5e4,Be4g3][%mdl 32] ...Rxd3! is the strong threat.} 24. f6 (24. Nc1 $142) 24... gxf6 {[%emt 0:01:57][%cal Od8d3] Strongly threatening ...Rxd3!} 25. Ng3 $2 (25. Bc2) 25... Qxe5 (25... Qd7 $142 26. exf6+ Ne6) 26. Bc4 (26. Bc2) 26... Ne4 27. Bc1 Nxg3 {[%emt 0:00:39] Weighted Error Value: White=0.75/Black=0.28 (precise)} 0-1